 Dungeon Crawl Stone Soup version 0.29.1-15-g9cfb28693d (webtiles) character file.

Game seed: 8461941409528299940

158 EarthwalkerPL the Trooper (level 5, 0/47 HPs)
             Began as a Minotaur Fighter on Mar 20, 2023.
             Succumbed to a water moccasin's poison
             ... on level 5 of the Dungeon.
             The game lasted 00:03:53 (2212 turns).

EarthwalkerPL the Trooper (Minotaur Fighter)        Turns: 2212, Time: 00:03:54

Health: 0/47       AC:  7    Str: 22    XL:     5   Next: 16%
Magic:  4/4        EV:  9    Int:  5    God:
Gold:   186        SH:  4    Dex: 10    Spells: 4/4 levels left

rFire   . . .      SeeInvis .   a - +0 war axe
rCold   . . .      Faith    .   c - +0 buckler
rNeg    . . .      Spirit   .   b - +0 scale mail
rPois   .          Reflect  .   (helmet restricted)
rElec   .          Harm     .   (no cloak)
rCorr   .          Rampage  .   (no gloves)
Will    .....                   (no boots)
Stlth   ..........              (no amulet)
HPRegen 0.15/turn               (no ring)
MPRegen 0.09/turn               (no ring)

@: brilliant, lethally poisoned (0 -> -11)
A: horns 2, retaliatory headbutt
a: no special abilities


You were on level 5 of the Dungeon.
You visited 1 branch of the dungeon, and saw 5 of its levels.

You collected 186 gold pieces.

Inventory:

Hand Weapons
 a - a +0 war axe (weapon)
 n - the +12 pair of quick blades "Gyre" and "Gimble" {protect}
   (You found it on level 2 of the Dungeon)

   It grants its wielder temporary protection when it strikes (+7 to AC).
Missiles
 g - 2 poisoned darts (quivered)
Armour
 b - a +0 scale mail (worn)
 c - a +0 buckler (worn)
Jewellery
 h - a ring of ice
Wands
 r - a wand of light (5)
Scrolls
 f - a scroll of fog {unknown}
 j - a scroll of amnesia {unknown}
 m - a scroll of teleportation {unknown}
 q - a scroll of fear {unknown}
 s - a scroll of immolation {unknown}
Potions
 d - 2 potions of might
 e - a potion of brilliance
 i - a potion of attraction {unknown}
 k - a potion of haste {unknown}
 l - a potion of degeneration {unknown}
 o - 2 potions of flight {unknown}
 p - a potion of heal wounds {unknown}
 t - a potion of resistance {unknown}


   Skills:
 * Level 4.8 Fighting
 * Level 4.0 Axes
 * Level 4.8 Armour
 + Level 4.3 Shields


You had 4 spell levels left.
You didn't know any spells.
Your spell library contained the following spells:

 Spells                   Type           Power      Damage    Failure   Level
 Magic Dart               Conj           0%         1d3       86%         1
 Call Imp                 Summ           0%         N/A       95%         2
 Mephitic Cloud           Conj/Pois/Air  0%         N/A       99%         3


Dungeon Overview and Level Annotations

Branches:
Dungeon (6/15)
 Temple: D:4-7

Altars:

Shops:
D:1 *   D:2 !


Innate Abilities, Weirdness & Mutations

You have a pair of horns on your head.
You reflexively headbutt those who attack you in melee.


Message History

The water moccasin barely misses you. The hound bites you.
You climb upwards.
Found a scroll labelled QIEXKE ZOGE.
There is a stone staircase leading down here.
You hit the hound. You headbutt the hound.
You kill the hound!
You barely miss the water moccasin. The water moccasin bites you.
You are poisoned.
The water moccasin poisons you! The water moccasin closely misses you.
Your Axes skill increases to level 4!
You have reached level 5!
You miss the water moccasin.
The water moccasin is moderately wounded.
You feel very sick. The water moccasin bites you!
The water moccasin closely misses you.
You miss the water moccasin. You headbutt the water moccasin!
The water moccasin is severely wounded.
You feel very sick. You block the water moccasin's attack.
The water moccasin bites you.
You are lethally poisoned!
The water moccasin poisons you!
You closely miss the water moccasin.
The water moccasin is severely wounded.
* * * LOW HITPOINT WARNING * * *
You feel extremely sick. You block the water moccasin's attack.
You miss the water moccasin.
The water moccasin is severely wounded.
* * * LOW HITPOINT WARNING * * *
You feel very sick. The water moccasin closely misses you.
The water moccasin bites you but does no damage.
You miss the water moccasin.
The water moccasin is severely wounded.
* * * LOW HITPOINT WARNING * * *
You feel very sick.
The water moccasin bites you but does no damage. x2
It was a potion of brilliance.
You feel clever all of a sudden.
You die...

.?...#
....#
#...#
#...#
#...#
#...#
#...#
#.†@#
#.S.#
#...#
#...#
#...#
#####


You could see a water moccasin.

Vanquished Creatures
  A hound (D:5)
  4 gnolls (D:3)
  2 adders (D:2)
  A worm (D:3)
  4 dart slugs
  7 endoplasms
  3 giant cockroaches
  4 goblins
  8 hobgoblins
  3 kobolds
  3 quokkas
  7 ball pythons
  8 bats
  2 frilled lizards
  A rat (D:1)
58 creatures vanquished.

Notes
Turn   | Place    | Note
-------+----------+-------------------------------------------
     0 | D:1      | EarthwalkerPL the Minotaur Fighter began the quest for the
                  | Orb.
     0 | D:1      | Reached XP level 1. HP: 19/19 MP: 0/0
   107 | D:1      | Reached XP level 2. HP: 22/27 MP: 1/1
   510 | D:1      | Reached XP level 3. HP: 33/33 MP: 2/2
   647 | D:1      | Found Dedwe's General Store.
   760 | D:2      | Found the +12 pair of quick blades "Gyre" and "Gimble"
                  | {protect}
  1007 | D:2      | Found Hutougimp's Distillery.
  1406 | D:2      | Reached XP level 4. HP: 41/41 MP: 3/3
  2147 | D:3      | You fall into a shaft and drop 3 floors!
  2161 | D:6      | Noticed an ogre
  2181 | D:6      | Noticed a phantom
  2190 | D:6      | Noticed a water moccasin
  2198 | D:6      | Noticed a sky beast
  2205 | D:5      | Entered Level 5 of the Dungeon
  2207 | D:5      | Reached XP level 5. HP: 35/47 MP: 4/4
  2212 | D:5      | Succumbed to a water moccasin's poison

Illustrated notes

Levels and vault maps discovered:
D:1:      amcnicky_arrival_single_pillar, layout_loops_ring, serial_shops, shop
D:2:      layout_loops_ring, serial_shops, shop
D:3:      layout_loops_cross
D:5:      layout_gridville, minmay_overflow_temple_hex, jmf_multi_god_temple
D:6:      minmay_clustersquares, layout_rooms, lemuel_doored_altar

Skill      XL: |  1  2  3  4 |
---------------+-------------+-----
Armour         | 4 |  4.8
Fighting       | 4 |  4.8
Axes           | 3 4 |  4.0
Shields        | 4 |  4.3

Action                   |  1- 3 |  4- 6 || total
-------------------------+-------+-------++-------
Melee: War axe           |    89 |    38 ||   127
       Headbutt          |     9 |     8 ||    17
  Use: Potion            |       |     1 ||     1
Armor: Scale mail        |    52 |    18 ||    70
Dodge: Dodged            |    38 |    28 ||    66
Block: Buckler           |    22 |    13 ||    35
